[Event "Chessable Masters - Torneo preliminare"]
[White "Antipov, Mikhail Al."]
[Black "Steinberg, Nitzan"]
[WhiteFideId "4107012"]
[BlackFideId "2801795"]
[WhiteElo "2593"]
[BlackElo "2500"]
[Result "1-0"]
[Round "3"]
[TimeControl "600+2"]
[Date "2023.03.13"]
[WhiteClock "0:03:27"]
[BlackClock "0:00:56"]

1. e4 c5 2. Nf3 d6 3. d4 cxd4 4. Nxd4 Nf6 5. Nc3 a6 6. Be3 e6 7. a3 Be7 8. g4 Nfd7 9. h4 b5 10. g5 Bb7 11. Qh5 Nc5 12. Bg2 Nc6 13. O-O-O Qa5 14. Nxc6 Bxc6 15. Nd5 exd5 16. exd5 b4 17. axb4 Qxb4 18. dxc6 O-O 19. Bd4 Ne6 20. Bc3 Qa4 21. b3 Qf4+ 22. Rd2 d5 23. Qf3 d4 24. Bxd4 Ba3+ 25. Kd1 Qc7 26. Bc3 Rfd8 27. Re1 a5 28. Bh3 Rxd2+ 29. Bxd2 Nd4 30. Qd5 Rd8 31. Bd7 Nxc6 32. Qxc6 Qxd7 33. Qxd7 Rxd7 34. Re8+ Bf8 35. Ke2 f6 36. gxf6 gxf6 37. Bh6 Re7+ 38. Rxe7 Bxe7 39. Bd2 Bd8 40. Kd3 h5 41. Ke4 f5+ 42. Kxf5 Bxh4 43. f3 Bd8 44. Bg5 Bb6 45. Kg6 a4 46. bxa4 Ba5 47. f4 1-0


[Site "Internet"]

[Event "Chessable Masters - Torneo preliminare"]
[White "Matinian, Nikita"]
[Black "Smirnov, Pavel"]
[WhiteFideId "24129100"]
[BlackFideId "4123425"]
[WhiteElo "2326"]
[BlackElo "2470"]
[Result "0-1"]
[Round "3"]
[TimeControl "600+2"]
[Date "2023.03.13"]
[WhiteClock "0:00:25"]
[BlackClock "0:01:56"]

1. e4 e5 2. Nf3 Nc6 3. Bb5 a6 4. Ba4 Nf6 5. O-O Be7 6. d3 d6 7. c3 O-O 8. Nbd2 b5 9. Bc2 d5 10. Re1 dxe4 11. dxe4 Be6 12. Qe2 Qc8 13. Ng5 Bg4 14. Ngf3 Rb8 15. Nf1 h6 16. Ne3 Be6 17. a4 Rd8 18. axb5 axb5 19. h3 Bf8 20. g4 b4 21. Nf5 bxc3 22. bxc3 Bb3 23. Bxb3 Rxb3 24. Qc4 Qe6 25. Ra4 Rb1 26. Kg2 Rdb8 27. g5 hxg5 28. Bxg5 Rxe1 29. Nxe1 Nh7 30. h4 Qg6 31. Nf3 Nxg5 32. hxg5 Kh7 33. N5h4 Qh5 34. Qxc6 Qg4+ 35. Kf1 Rb1+ 36. Ke2 Rb2+ 37. Ke3 Qf4+ 38. Kd3 Qc1 39. g6+ Kh8 40. Nxe5 Qf1+ 41. Kd4 Rd2+ 42. Nd3 Rxd3+ 43. Ke5 Bd6+ 44. Qxd6 cxd6+ 0-1


[Site "Internet"]

[Event "Chessable Masters - Torneo preliminare"]
[White "Golubev, Mikhail"]
[Black "Narayanan, Srinath"]
[WhiteFideId "14100983"]
[BlackFideId "5018420"]
[WhiteElo "2361"]
[BlackElo "2482"]
[Result "0-1"]
[Round "3"]
[TimeControl "600+2"]
[Date "2023.03.13"]
[WhiteClock "0:00:10"]
[BlackClock "0:00:18"]

1. e4 c6 2. d4 d5 3. e5 c5 4. dxc5 e6 5. a3 Bxc5 6. Nf3 Ne7 7. b4 Bb6 8. Bd3 Nbc6 9. O-O Ng6 10. Re1 O-O 11. Bb2 Nf4 12. c4 Nxd3 13. Qxd3 dxc4 14. Qxc4 Bd7 15. Nc3 Ne7 16. Rad1 Qe8 17. Qg4 Bc6 18. Ng5 Nf5 19. b5 Bxb5 20. Nce4 Kh8 21. Qh5 Nh6 22. Nf6 Qc8 23. Ngxh7 Qc2 24. Bd4 Ba5 25. Re3 g6 26. Qf3 Bc6 27. Qe2 Qxe2 28. Rxe2 Rfd8 29. Rb2 Bc3 0-1


[Site "Internet"]

[Event "Chessable Masters - Torneo preliminare"]
[White "Drozdowski, Kacper"]
[Black "Bachmann, Axel"]
[WhiteFideId "1136720"]
[BlackFideId "3700488"]
[WhiteElo "2472"]
[BlackElo "2618"]
[Result "1-0"]
[Round "3"]
[TimeControl "600+2"]
[Date "2023.03.13"]
[WhiteClock "0:00:20"]
[BlackClock "0:00:04"]

1. e4 e5 2. Nf3 Nf6 3. Nc3 d6 4. d4 Nbd7 5. Bc4 Be7 6. O-O O-O 7. a4 a5 8. h3 c6 9. Re1 Nb6 10. Bf1 Nfd7 11. b3 exd4 12. Nxd4 Nc5 13. Ba3 Re8 14. Qf3 Bf8 15. Rad1 Qg5 16. Bc1 Qg6 17. Bf4 Nbd7 18. Qg3 Qxg3 19. Bxg3 Nf6 20. e5 dxe5 21. Rxe5 Rd8 22. Ree1 Na6 23. Bxa6 Rxa6 24. Nf3 Rxd1 25. Rxd1 c5 26. Rd8 Bf5 27. Nb5 Re6 28. Nc7 Rc6 29. c4 h6 30. Rb8 Ne4 31. Nd5 Rc8 32. Rxb7 Nxg3 33. fxg3 Re8 34. Rb5 Bc2 35. Kf2 Bd3 36. Ne3 g5 37. Rxa5 f5 38. Ra7 Bg7 39. Rd7 Be4 40. g4 fxg4 41. hxg4 Rb8 42. Nd2 Bg6 43. Nf5 Bc3 44. Ne7+ Kf7 45. Nc6+ Ke6 46. Nxb8 1-0


[Site "Internet"]

[Event "Chessable Masters - Torneo preliminare"]
[White "Ibarra Jerez, Jose Carlos"]
[Black "Wagner, Dennis"]
[WhiteFideId "2226332"]
[BlackFideId "24650684"]
[WhiteElo "2546"]
[BlackElo "2456"]
[Result "1/2-1/2"]
[Round "3"]
[TimeControl "600+2"]
[Date "2023.03.13"]
[WhiteClock "0:08:33"]
[BlackClock "0:06:10"]

1. e4 e5 2. Nf3 Nc6 3. Nc3 Nf6 4. h3 Bb4 5. Nd5 Nxd5 6. exd5 e4 7. dxc6 exf3 8. Qxf3 dxc6 9. Bc4 O-O 10. O-O Qd7 11. Re1 Qf5 12. Qxf5 Bxf5 13. c3 Bd6 14. d4 Rfe8 15. Bd2 h5 16. Rxe8+ Rxe8 17. Re1 Rxe1+ 18. Bxe1 Kf8 19. Bd2 Ke7 20. Kf1 f6 21. Ke2 g5 22. Bd3 Ke6 23. Bc4+ Ke7 24. Bd3 Ke6 25. Bc4+ Ke7 1/2-1/2


[Site "Internet"]

[Event "Chessable Masters - Torneo preliminare"]
[White "Larino Nieto, David"]
[Black "Chigaev, Maksim"]
[WhiteFideId "2256444"]
[BlackFideId "4108116"]
[WhiteElo "2496"]
[BlackElo "2568"]
[Result "0-1"]
[Round "3"]
[TimeControl "600+2"]
[Date "2023.03.13"]
[WhiteClock "0:00:16"]
[BlackClock "0:03:00"]

1. e4 c5 2. Nc3 Nc6 3. g3 g6 4. Bg2 Bg7 5. d3 d6 6. f4 e6 7. Nf3 Nge7 8. O-O O-O 9. Be3 b6 10. Bf2 Ba6 11. Re1 Qd7 12. a4 Rac8 13. d4 cxd4 14. Nxd4 Rfd8 15. Qd2 Na5 16. Rad1 Nc4 17. Qc1 e5 18. fxe5 Nxe5 19. Ndb5 Bxb5 20. Nxb5 Rc6 21. Nd4 Rcc8 22. Nb5 Ng4 23. Bh3 Be5 24. Bd4 Nc6 25. Bf2 h5 26. Nxd6 Bxd6 27. e5 Ncxe5 28. Rxe5 Qxa4 29. Red5 Nxf2 30. Bxc8 Nxd1 31. Qxd1 Bc5+ 0-1


[Site "Internet"]

[Event "Chessable Masters - Torneo preliminare"]
[White "Sarana, Alexey"]
[Black "Girya, Olga"]
[WhiteFideId "24133795"]
[BlackFideId "4195752"]
[WhiteElo "2643"]
[BlackElo "2327"]
[Result "1-0"]
[Round "3"]
[TimeControl "600+2"]
[Date "2023.03.13"]
[WhiteClock "0:08:06"]
[BlackClock "0:00:05"]

1. c4 Nf6 2. Nc3 e5 3. Nf3 Nc6 4. g3 Bb4 5. Nd5 Bc5 6. Bg2 d6 7. e3 Nxd5 8. cxd5 Ne7 9. d4 Bb4+ 10. Nd2 O-O 11. a3 Bxd2+ 12. Qxd2 f6 13. O-O Bd7 14. b4 Qc8 15. Re1 Bh3 16. Bh1 Nf5 17. Bb2 Qd7 18. Rac1 a5 19. e4 Nxd4 20. Bxd4 exd4 21. Qxd4 axb4 22. axb4 Rf7 23. Ra1 Re8 24. f4 Rfe7 25. Rac1 Qb5 26. Bf3 Ra8 27. Rc4 Ra3 28. Be2 Qe8 29. Bd1 Bf5 30. Qb2 Rd3 31. Bc2 b5 32. Rxc7 Rxc7 33. Bxd3 Re7 34. Qd4 Bg6 35. Kg2 Qa8 36. g4 Qa2+ 37. Re2 Qa4 38. Rc2 h6 39. h4 Bf7 40. h5 Re8 41. Kf3 Qb3 42. Qc3 Qa4 43. Rc1 Ra8 44. Qb2 Qa3 45. Qxa3 Rxa3 46. Rc8+ Kh7 47. Ke2 g6 48. e5 dxe5 49. hxg6+ Bxg6 50. Rc7+ Kg8 51. Bxg6 exf4 52. d6 1-0


[Site "Internet"]

[Event "Chessable Masters - Torneo preliminare"]
[White "Svane, Rasmus"]
[Black "Yu, Yangyi"]
[WhiteFideId "4657101"]
[BlackFideId "8603820"]
[WhiteElo "2621"]
[BlackElo "2734"]
[Result "0-1"]
[Round "3"]
[TimeControl "600+2"]
[Date "2023.03.13"]
[WhiteClock "0:02:17"]
[BlackClock "0:05:58"]

1. Nf3 d5 2. g3 Nc6 3. d4 Bf5 4. Bg2 e6 5. O-O Nb4 6. Na3 Nc6 7. Nb1 Nb4 8. Ne1 Be7 9. c3 Nc6 10. Nd3 Nf6 11. Re1 a5 12. Nd2 h5 13. e4 dxe4 14. Nxe4 Nxe4 15. Bxe4 Bxe4 16. Rxe4 Qd5 17. Qf3 O-O-O 18. Rf4 f6 19. Qxd5 Rxd5 20. Rf3 e5 21. dxe5 fxe5 22. Ne1 Rd1 23. Kf1 Bg5 24. Bxg5 Rxa1 25. a3 a4 0-1


[Site "Internet"]

[Event "Chessable Masters - Torneo preliminare"]
[White "Grischuk, Alexander"]
[Black "Fressinet, Laurent"]
[WhiteFideId "4126025"]
[BlackFideId "608742"]
[WhiteElo "2731"]
[BlackElo "2689"]
[Result "0-1"]
[Round "3"]
[TimeControl "600+2"]
[Date "2023.03.13"]
[WhiteClock "0:00:08"]
[BlackClock "0:00:17"]

1. e4 e5 2. Nf3 Nc6 3. Nc3 Nf6 4. Bb5 Bc5 5. O-O O-O 6. Bxc6 dxc6 7. d3 Nd7 8. a4 a5 9. Be3 Bd6 10. Nd2 Re8 11. Kh1 Nf8 12. f4 exf4 13. Bxf4 Be6 14. Qh5 Ng6 15. Bxd6 cxd6 16. Ne2 d5 17. b3 Qh4 18. Qxh4 Nxh4 19. exd5 Bxd5 20. Nf4 Rad8 21. Rae1 Kf8 22. Kg1 f6 23. Nc4 Bxc4 24. bxc4 Rxe1 25. Rxe1 Kf7 26. Kf2 Nf5 27. g4 Rd4 28. gxf5 Rxf4+ 29. Kg3 Rd4 30. Rb1 Rd7 31. h4 g6 32. h5 gxh5 33. Kh4 Ke7 34. Re1+ Kd6 35. d4 Kc7 36. c3 Rg7 37. Kxh5 Rg5+ 38. Kh6 Rxf5 39. Kxh7 Rf3 40. Rc1 Rg3 41. c5 f5 42. Kh6 f4 43. Kh5 Rg2 44. Rf1 Ra2 45. Rxf4 Rxa4 46. Rf7+ Kb8 47. Kg4 Rc4 48. Rf3 a4 49. Kf4 a3 50. Ke4 a2 51. Rf1 Rxc3 52. Ra1 Ra3 53. d5 Kc7 54. Kd4 Ra4+ 55. Ke5 cxd5 56. Kxd5 Kd7 57. c6+ bxc6+ 58. Kc5 Kc7 0-1


[Site "Internet"]

[Event "Chessable Masters - Torneo preliminare"]
[White "Esipenko, Andrey"]
[Black "Xu, Yinglun"]
[WhiteFideId "24175439"]
[BlackFideId "8604940"]
[WhiteElo "2682"]
[BlackElo "2523"]
[Result "1-0"]
[Round "3"]
[TimeControl "600+2"]
[Date "2023.03.13"]
[WhiteClock "0:03:41"]
[BlackClock "0:02:18"]

1. d4 Nf6 2. c4 e6 3. Nf3 d5 4. g3 dxc4 5. Bg2 c6 6. O-O b5 7. a4 Bb7 8. Ne5 a6 9. b3 cxb3 10. Qxb3 Be7 11. axb5 axb5 12. Rxa8 Bxa8 13. Qa2 Nbd7 14. Nxc6 Bxc6 15. Bxc6 b4 16. Nd2 O-O 17. Nb3 Nb6 18. Bf3 Nfd5 19. e4 Nc3 20. Qa6 Qc7 21. Bf4 Qc4 22. Qxb6 Qxb3 23. Qb7 Bf6 24. Bd6 Bxd4 25. Bxf8 Kxf8 26. Qd7 1-0


[Site "Internet"]

[Event "Chessable Masters - Torneo preliminare"]
[White "Santos Ruiz, Miguel"]
[Black "Talibov, Shiroghlan"]
[WhiteFideId "22291482"]
[BlackFideId "13429078"]
[WhiteElo "2491"]
[BlackElo "2247"]
[Result "1-0"]
[Round "3"]
[TimeControl "600+2"]
[Date "2023.03.13"]
[WhiteClock "0:02:35"]
[BlackClock "0:03:43"]

1. e4 e5 2. Nf3 Nc6 3. Bc4 Nf6 4. d3 h6 5. c3 d6 6. a4 a5 7. Nbd2 g6 8. Qb3 Qe7 9. O-O Bg7 10. Re1 O-O 11. Nf1 b6 12. h3 Kh7 13. Ng3 Be6 14. Bxe6 fxe6 15. Bd2 Nd8 16. d4 Nd7 17. Qc4 Rc8 18. Qd3 Qf7 19. h4 exd4 20. cxd4 e5 21. d5 Nf6 22. Qa6 Rb8 23. b4 axb4 24. Bxb4 Nb7 25. Rab1 Nh5 26. Nxh5 gxh5 27. Rec1 Nc5 28. Bxc5 dxc5 29. Qe2 Qg6 30. Rb3 Rf4 31. Rc4 Rbf8 32. Kf1 Qg4 33. Qc2 Qg6 34. Qe2 Qg4 35. Re3 Kh8 36. Rcc3 Ra8 37. g3 Rf7 38. Rc4 Qh3+ 39. Kg1 Raf8 40. Rcc3 Qd7 41. Qb5 Qxb5 42. axb5 Ra8 43. Ra3 Rff8 44. Nd2 Bf6 45. Nc4 Rfb8 46. Rxa8 Rxa8 47. Ra3 Rg8 48. Kh2 Rg7 49. Ra8+ Kh7 50. Re8 Rf7 51. Kg2 Kg7 52. Re6 Kf8 53. d6 1-0


[Site "Internet"]

[Event "Chessable Masters - Torneo preliminare"]
[White "Predke, Alexandr"]
[Black "Lobanov, Sergei"]
[WhiteFideId "24107581"]
[BlackFideId "24183750"]
[WhiteElo "2582"]
[BlackElo "2436"]
[Result "1/2-1/2"]
[Round "3"]
[TimeControl "600+2"]
[Date "2023.03.13"]
[WhiteClock "0:00:08"]
[BlackClock "0:00:18"]

1. e4 e5 2. Nf3 Nc6 3. Bc4 Nf6 4. d3 Be7 5. Nc3 d6 6. a4 O-O 7. a5 a6 8. O-O Be6 9. Nd5 Bxd5 10. exd5 Nb8 11. d4 e4 12. Nd2 c6 13. dxc6 Nxc6 14. d5 Nxa5 15. Ba2 b5 16. Re1 Nb7 17. Nxe4 Nxe4 18. Rxe4 Nc5 19. Re1 Bf6 20. c3 Rb8 21. Be3 Qc7 22. Bb1 b4 23. Bd4 Qd8 24. Bxc5 dxc5 25. Rxa6 bxc3 26. bxc3 g6 27. Qf3 Rb6 28. Rxb6 Qxb6 29. g3 Kg7 30. c4 Bd4 31. Bd3 Qf6 32. Qxf6+ Kxf6 33. Kg2 Rb8 34. Re2 Rb3 35. Bc2 Rb6 36. f4 h5 37. Kf3 Ra6 38. h3 Ra3+ 39. Kg2 Ra6 40. Bb3 Rb6 41. Ba4 Rb2 42. Bc2 Rb6 43. Kf3 Ra6 44. Re8 Kg7 45. g4 hxg4+ 46. hxg4 Ra3+ 47. Ke2 Ra6 48. g5 Bb2 49. Rd8 Bc1 50. Kf3 Ra3+ 51. Kg4 Rc3 52. Be4 Rxc4 53. Re8 Rd4 54. Kf3 c4 55. Rc8 Bd2 56. Rc7 Kf8 57. Rc6 Ke7 58. Rc7+ Kf8 59. Rc8+ Ke7 60. Rc6 Kf8 61. d6 Bb4 62. Rc8+ Kg7 63. d7 Rxd7 64. Rxc4 Be7 65. Rc6 1/2-1/2


[Site "Internet"]

[Event "Chessable Masters - Torneo preliminare"]
[White "Harikrishna, Pentala"]
[Black "Lenderman, Aleksandr"]
[WhiteFideId "5007003"]
[BlackFideId "2021285"]
[WhiteElo "2627"]
[BlackElo "2646"]
[Result "1/2-1/2"]
[Round "3"]
[TimeControl "600+2"]
[Date "2023.03.13"]
[WhiteClock "0:00:07"]
[BlackClock "0:01:21"]

1. Nf3 d5 2. g3 c6 3. Bg2 Bg4 4. h3 Bh5 5. O-O Nd7 6. d4 e6 7. c4 Ngf6 8. cxd5 exd5 9. Qb3 Qb6 10. Qe3+ Be7 11. Nh4 Bg6 12. Nc3 Bc2 13. Qd2 Be4 14. Nxe4 Nxe4 15. Bxe4 Bxh4 16. Bf3 Be7 17. Qe3 Nf8 18. Rd1 h5 19. Qe5 Ne6 20. Bxh5 Kf8 21. Be3 Bf6 22. Qf5 Ke7 23. Bg4 Rae8 24. Qd3 Kf8 25. Rab1 Ng5 26. Bxg5 Bxg5 27. b4 a6 28. a4 Be7 29. Qb3 Rd8 30. e3 g6 31. Kg2 Kg7 32. h4 Rd6 33. Rh1 Bf6 34. h5 gxh5 35. Rxh5 Rxh5 36. Bxh5 Rd8 37. Bf3 Rh8 38. b5 axb5 39. axb5 Qc7 40. Bg4 c5 41. Qxd5 cxd4 42. exd4 Qc2 43. Bf5 Qd2 44. Qf3 Qxd4 45. Qxb7 Rh2+ 46. Kxh2 Qxf2+ 47. Qg2 Qxf5 48. Rb4 Qh5+ 49. Qh3 Qe2+ 50. Qg2 Qh5+ 51. Rh4 Bxh4 52. gxh4+ Kf8 53. Qa8+ Kg7 54. Qg2+ Kf8 55. Qg5 Qe2+ 56. Kg3 Qd3+ 57. Kf2 Qc2+ 58. Ke3 Qb3+ 59. Ke4 Qc4+ 60. Kf3 Qd3+ 61. Kg4 Qe2+ 62. Kg3 Qd3+ 63. Kf2 Qc2+ 64. Ke1 Qb1+ 65. Kd2 Qb2+ 66. Kd3 Qb3+ 67. Ke2 Qb2+ 68. Kf3 Qb3+ 69. Kg4 Qd1+ 70. Kf5 Qd5+ 71. Kf4 Qc4+ 72. Kg3 1/2-1/2


[Site "Internet"]

[Event "Chessable Masters - Torneo preliminare"]
[White "Bok, Benjamin"]
[Black "Pantsulaia, Levan"]
[WhiteFideId "1017063"]
[BlackFideId "13602071"]
[WhiteElo "2608"]
[BlackElo "2533"]
[Result "0-1"]
[Round "3"]
[TimeControl "600+2"]
[Date "2023.03.13"]
[WhiteClock "0:00:04"]
[BlackClock "0:00:54"]

1. d4 c5 2. d5 g6 3. e4 Bg7 4. Nc3 d6 5. Bb5+ Bd7 6. a4 Nf6 7. Nf3 O-O 8. h3 Bxb5 9. axb5 Nbd7 10. O-O Ne8 11. Qe2 Nc7 12. Bf4 Nb6 13. Rad1 Qd7 14. e5 f6 15. exd6 exd6 16. Nd2 f5 17. Ndb1 Rfe8 18. Qd3 c4 19. Qg3 Nxb5 20. Nxb5 Qxb5 21. Na3 Qxb2 22. Bxd6 Rad8 23. Bc7 Rxd5 24. Bxb6 Rxd1 25. Rxd1 axb6 26. Qf3 c3 27. Qd5+ Kh8 28. Qf7 Ra8 29. Rd7 Qc1+ 30. Kh2 Qf4+ 31. Kg1 Qe5 32. g3 Qf6 33. Qd5 Rxa3 34. Rf7 Ra1+ 35. Kh2 Rd1 36. Qxb7 Qd4 37. Qc8+ Qd8 38. Qb7 Qg8 39. Rc7 Rd8 40. Qxb6 Qd5 41. Qa7 Qd4 42. Rxg7 Qxg7 43. Qc5 Qd4 0-1


[Site "Internet"]

[Event "Chessable Masters - Torneo preliminare"]
[White "Hammer, Jon Ludvig"]
[Black "Raja, Rithvik R"]
[WhiteFideId "1503707"]
[BlackFideId "35007394"]
[WhiteElo "2647"]
[BlackElo "2387"]
[Result "1-0"]
[Round "3"]
[TimeControl "600+2"]
[Date "2023.03.13"]
[WhiteClock "0:04:45"]
[BlackClock "0:06:33"]

1. d4 Nf6 2. c4 e6 3. Nc3 Bb4 4. e3 O-O 5. Bd3 c5 6. Ne2 d5 7. cxd5 cxd4 8. exd4 Nxd5 9. O-O Nc6 10. a3 Be7 11. Bc2 b6 12. Qd3 g6 13. Bh6 Re8 14. Nxd5 Qxd5 15. Bb3 Qd7 16. d5 exd5 17. Bxd5 Bf8 18. Bxf8 Rxf8 19. Nf4 Bb7 20. Nxg6 hxg6 21. Qxg6+ Kh8 22. Qh6+ Kg8 23. Rad1 1-0


[Site "Internet"]

[Event "Chessable Masters - Torneo preliminare"]
[White "Makhnev, Denis"]
[Black "Tan, Zhongyi"]
[WhiteFideId "13707647"]
[BlackFideId "8603642"]
[WhiteElo "2505"]
[BlackElo "2517"]
[Result "1-0"]
[Round "3"]
[TimeControl "600+2"]
[Date "2023.03.13"]
[WhiteClock "0:00:10"]
[BlackClock "0:00:04"]

1. d4 d5 2. c4 e6 3. Nf3 Nf6 4. Nc3 Be7 5. Bf4 O-O 6. e3 c5 7. dxc5 Bxc5 8. Qc2 Nc6 9. Rd1 Qa5 10. a3 Be7 11. Nd2 e5 12. Bg5 d4 13. Nb3 Qd8 14. Bxf6 Bxf6 15. Nd5 dxe3 16. fxe3 e4 17. Be2 Bh4+ 18. g3 Bg5 19. h4 Bh6 20. g4 g6 21. g5 Bg7 22. Nf6+ Bxf6 23. Rxd8 Bxd8 24. Nc5 Bf5 25. Nxb7 Bc7 26. O-O Ne5 27. Nc5 Rad8 28. Nxe4 Kh8 29. Rxf5 gxf5 30. Nf6 Ng6 31. Nh5 Be5 32. c5 Nxh4 33. c6 Rg8 34. Qc5 Rxg5+ 35. Kf1 f6 36. Nxf6 Bxf6 37. c7 Rc8 38. Ba6 Rcg8 39. c8=Q Rg1+ 40. Ke2 Rg2+ 41. Kd3 Rxc8 42. Qxc8+ Kg7 43. b4 Ra2 44. Qc7+ Kg6 45. Qa5 Nf3 46. Qb5 Rd2+ 47. Kc4 Rb2 48. Qe8+ Kg5 49. Qg8+ Kh6 50. Bb7 Ne5+ 51. Kb5 Rd2 52. Qe6 Kg5 53. Bc8 Rf2 54. Qg8+ Kh6 55. Ka6 Bg5 56. Qf8+ Kh5 57. Bxf5 Ng6 58. Bxg6+ 1-0


[Site "Internet"]

[Event "Chessable Masters - Torneo preliminare"]
[White "Sjugirov, Sanan"]
[Black "Vetoshko, Volodymyr"]
[WhiteFideId "4189302"]
[BlackFideId "14122480"]
[WhiteElo "2543"]
[BlackElo "2457"]
[Result "1/2-1/2"]
[Round "3"]
[TimeControl "600+2"]
[Date "2023.03.13"]
[WhiteClock "0:03:24"]
[BlackClock "0:00:13"]

1. e4 c5 2. Nf3 e6 3. Nc3 a6 4. d4 cxd4 5. Nxd4 b5 6. Bd3 Bb7 7. O-O Nc6 8. Nxc6 Bxc6 9. Re1 Qb8 10. a4 bxa4 11. Nxa4 Bd6 12. h3 Ne7 13. Be3 Bh2+ 14. Kh1 Bf4 15. b3 Bxe3 16. Rxe3 O-O 17. Qd2 f5 18. exf5 Nxf5 19. Bxf5 Rxf5 20. Nc3 Qf4 21. f3 Bxf3 22. gxf3 Rh5 23. Kg2 Qg5+ 24. Kh2 Qf4+ 25. Kg2 Qg5+ 26. Kh2 Qh6 27. f4 Qxf4+ 28. Kg2 Rg5+ 29. Kh1 Rg3 30. Nd5 Rxh3+ 31. Kg1 Rg3+ 32. Kh1 Rh3+ 33. Kg1 Rg3+ 34. Kh1 Rh3+ 1/2-1/2


[Site "Internet"]

[Event "Chessable Masters - Torneo preliminare"]
[White "Tregubov, Pavel V."]
[Black "Rustemov, Alexander"]
[WhiteFideId "4115341"]
[BlackFideId "4119002"]
[WhiteElo "2522"]
[BlackElo "2494"]
[Result "1-0"]
[Round "3"]
[TimeControl "600+2"]
[Date "2023.03.13"]
[WhiteClock "0:00:14"]
[BlackClock "0:00:06"]

1. e4 e6 2. d4 d5 3. e5 c5 4. c3 Qb6 5. Nf3 Bd7 6. Be2 Bb5 7. O-O Bxe2 8. Qxe2 Qa6 9. Qd1 cxd4 10. cxd4 Bb4 11. a3 Ne7 12. Bg5 Nbc6 13. Qb3 Ba5 14. Nc3 Bxc3 15. Qxc3 O-O 16. b4 Rfc8 17. Qb2 h6 18. Bd2 Qd3 19. Rfc1 Nd8 20. a4 Rc4 21. Ra3 Qe4 22. Re3 Qf5 23. Bc3 Rac8 24. Nd2 R4c7 25. b5 b6 26. a5 Nb7 27. axb6 axb6 28. Ree1 g5 29. g3 Ng6 30. Nf1 Qf3 31. Bd2 Qd3 32. Re3 Qf5 33. Rec3 Rxc3 34. Rxc3 Rb8 35. Rc6 Nd8 36. Rc7 Ra8 37. Ne3 Qd3 38. Qc3 Qe2 39. Rc8 Rxc8 40. Qxc8 Qxd2 41. Qxd8+ Kg7 42. Qxb6 h5 43. Qc5 Qe1+ 44. Kg2 h4 45. Qc2 Qb4 46. Qd3 Qb2 47. Ng4 Ne7 48. Qe3 Kg6 49. Qd3+ Nf5 50. Ne3 Qxd4 51. Qxd4 Nxd4 52. b6 hxg3 53. hxg3 Nc6 54. b7 g4 55. Nxg4 Kf5 56. f3 Kg6 57. Kf2 Kg7 58. Nf6 Nb8 59. Ke3 Kf8 60. Kd4 Ke7 61. Kc5 Kd8 62. Kd6 d4 63. Ne4 d3 64. f4 Nd7 65. g4 Nb8 66. f5 exf5 67. gxf5 Nd7 68. e6 fxe6 69. f6 d2 70. Nxd2 e5 71. f7 e4 72. b8=Q+ Nxb8 73. f8=Q# 1-0


[Site "Internet"]

[Event "Chessable Masters - Torneo preliminare"]
[White "Salgado Lopez, Ivan"]
[Black "Hong, Andrew"]
[WhiteFideId "2257327"]
[BlackFideId "2099438"]
[WhiteElo "2554"]
[BlackElo "2549"]
[Result "1-0"]
[Round "3"]
[TimeControl "600+2"]
[Date "2023.03.13"]
[WhiteClock "0:00:21"]
[BlackClock "0:00:04"]

1. e4 e5 2. Nf3 Nf6 3. Nc3 Nc6 4. h3 g6 5. d4 exd4 6. Nxd4 Bg7 7. Nxc6 bxc6 8. Bd3 O-O 9. O-O Re8 10. Bg5 d6 11. f4 Rb8 12. Rb1 Bb7 13. Bh4 Qc8 14. e5 dxe5 15. Bxf6 Bxf6 16. Ne4 Bg7 17. f5 c5 18. fxg6 hxg6 19. Bc4 Bxe4 20. Rxf7 Rb4 21. Qe2 Rxc4 22. Qxc4 Qe6 23. Rxg7+ Kxg7 24. Qxe4 Qxa2 25. c4 Re7 26. h4 Qa6 27. Rd1 Qf6 28. Rd5 Qf4 29. Qxf4 exf4 30. Kf2 Kf6 31. Rxc5 Re3 32. b4 Rc3 33. b5 Ke6 34. Rxc7 Kf5 35. c5 Kg4 36. c6 Rc2+ 37. Kf1 Rb2 38. Rxa7 Rxb5 39. Rg7 Kf5 40. c7 Rc5 41. Ke2 Kf6 42. Rh7 Kf5 43. h5 Kg5 44. Rd7 Kxh5 45. Rd5+ Rxd5 46. c8=Q Kg5 47. Qe6 Rf5 48. Kf3 Kh5 49. Qg8 Kh6 50. Kg4 Rg5+ 51. Kxf4 Rf5+ 52. Ke4 Kg5 53. Qg7 Rf4+ 54. Ke3 Rf5 55. Qe7+ Kg4 56. Qe6 Kg5 57. g3 Kh5 58. Ke4 Kg5 59. Qe7+ Kh5 60. Qh4# 1-0


[Site "Internet"]

[Event "Chessable Masters - Torneo preliminare"]
[White "Tari, Aryan"]
[Black "Piorun, Kacper"]
[WhiteFideId "1510045"]
[BlackFideId "1130420"]
[WhiteElo "2539"]
[BlackElo "2491"]
[Result "1-0"]
[Round "3"]
[TimeControl "600+2"]
[Date "2023.03.13"]
[WhiteClock "0:00:41"]
[BlackClock "0:00:05"]

1. e4 e5 2. Nf3 Nc6 3. d4 exd4 4. Nxd4 Bb4+ 5. c3 Be7 6. Qg4 Bf6 7. Nxc6 bxc6 8. Qg3 d6 9. Nd2 Ne7 10. Nf3 Ng6 11. h4 O-O 12. Bg5 Re8 13. Bd3 Rb8 14. O-O-O Be6 15. Nd4 Bd7 16. f4 h6 17. h5 Ne5 18. Bxh6 Ng4 19. e5 gxh6 20. Bf5 Kh8 21. Qxg4 Rg8 22. Qh3 dxe5 23. Nf3 Bxf5 24. Qxf5 Qe7 25. Rd7 Qe6 26. Qxe6 fxe6 27. fxe5 Bg5+ 28. Kb1 Bf4 29. Nh4 Rg4 30. Ng6+ Kg8 31. Rf1 Rxg2 32. b3 Rxg6 33. hxg6 Bxe5 34. c4 a5 35. Re1 Bg7 36. Rxe6 a4 37. Kc2 axb3+ 38. axb3 h5 39. Rxc6 h4 40. Rcxc7 Bf6 41. Rh7 Ra8 42. Ra7 Re8 43. Raf7 Re6 44. Rxf6 1-0


[Site "Internet"]

[Event "Chessable Masters - Torneo preliminare"]
[White "Neiksans, Arturs"]
[Black "Haub, Thorsten Michael"]
[WhiteFideId "11601388"]
[BlackFideId "4610776"]
[WhiteElo "2553"]
[BlackElo "2456"]
[Result "1-0"]
[Round "3"]
[TimeControl "600+2"]
[Date "2023.03.13"]
[WhiteClock "0:00:31"]
[BlackClock "0:02:28"]

1. e4 g6 2. d4 Bg7 3. Nc3 d6 4. Be3 a6 5. Qd2 Nd7 6. h4 h6 7. a4 b6 8. Bc4 e6 9. Nge2 Ndf6 10. f3 d5 11. exd5 Nxd5 12. Nxd5 exd5 13. Bd3 Ne7 14. Ng3 Qd6 15. Kf2 h5 16. c3 Be6 17. a5 b5 18. Bf4 Qd7 19. Rae1 O-O 20. Qc2 Rfe8 21. b4 c6 22. Re2 Nf5 23. Nxf5 Bxf5 24. Bxf5 Qxf5 25. Qxf5 Rxe2+ 26. Kxe2 gxf5 27. Kf2 Re8 28. Rg1 Kh7 29. g4 fxg4 30. fxg4 hxg4 31. Rxg4 Re4 32. Kf3 Re1 33. Rg2 Bh6 34. Bxh6 Kxh6 35. Kg4 Re3 36. Rg3 Re4+ 37. Kf5 Re6 38. Rg8 Re3 39. Ra8 Rxc3 40. Rxa6 Rc4 41. Ke5 Kg7 42. h5 Rxb4 43. Rxc6 Ra4 44. a6 b4 45. Kxd5 b3 46. Rb6 b2 47. Rxb2 Rxa6 48. Kc5 Kh6 49. Rh2 f5 50. d5 Ra1 51. d6 f4 52. d7 Rd1 53. Kc6 f3 54. Rf2 Rd3 55. Rxf3 Rxf3 56. d8=Q Kxh5 57. Qh8+ Kg4 58. Kd5 Rf5+ 59. Ke6 Rf4 60. Qg7+ Kf3 61. Ke5 Re4+ 62. Kd5 Rf4 63. Qg1 Rg4 64. Qf1+ Ke3 65. Qe1+ Kf3 66. Ke5 Rg5+ 67. Kf6 Rg4 68. Qd1+ Kg3 69. Kf5 Rf4+ 70. Kg5 Rf2 71. Qd3+ Rf3 72. Qd6+ Kg2 73. Kg4 Rf2 74. Qd5+ Kf1 75. Kg3 Kg1 76. Qd4 1-0


[Site "Internet"]

[Event "Chessable Masters - Torneo preliminare"]
[White "Matamoros Franco, Carlos S."]
[Black "Mamedov, Rauf"]
[WhiteFideId "3600017"]
[BlackFideId "13401653"]
[WhiteElo "2407"]
[BlackElo "2632"]
[Result "1-0"]
[Round "3"]
[TimeControl "600+2"]
[Date "2023.03.13"]
[WhiteClock "0:04:54"]
[BlackClock "0:07:12"]

1. c4 c5 2. g3 g6 3. Bg2 Bg7 4. Nc3 Nc6 5. Nf3 d6 6. O-O e5 7. a3 Nge7 8. Rb1 a5 9. d3 O-O 10. Bg5 h6 11. Bxe7 Nxe7 12. Ne1 h5 13. b4 cxb4 14. axb4 axb4 15. Rxb4 h4 16. Rb1 Rb8 17. Nf3 h3 18. Bh1 b6 19. Qb3 Be6 20. Ng5 Bd7 21. Nge4 Nf5 22. e3 Be6 23. Qb4 Qe7 24. Ra1 Bh6 25. Rfe1 Rfd8 26. Ra6 Kg7 27. Rxb6 Qa7 28. Rxb8 Rxb8 29. Nb5 Qa2 30. Qd2 Qb3 31. g4 Nxe3 32. g5 Bxg5 33. Nxg5 Nf5 34. Nxe6+ fxe6 35. Be4 Rf8 36. Bxf5 Rxf5 37. Nxd6 Rf4 38. Ne4 Rg4+ 39. Ng3 Qb7 40. f3 Qxf3 41. Qe2 Qf4 42. Qxe5+ Qxe5 43. Rxe5 Rd4 44. Re3 Kf6 45. Ne4+ Ke5 46. Rxh3 g5 47. Nxg5 1-0


[Site "Internet"]